 Dungeon Crawl Stone Soup version 0.21.1-1-g345015f (webtiles) character file.

1725 JeffiDaFish the Slasher (level 8, -11/65 HPs)
             Began as a Demonspawn Chaos Knight on Feb 23, 2018.
             Mangled by Lucherd's ghost (16 damage)
             ... on level 8 of the Dungeon.
             The game lasted 00:10:14 (5393 turns).

JeffiDaFish the Slasher (Demonspawn Chaos Knight)   Turns: 5393, Time: 00:10:14

Health: -11/65     AC: 16    Str: 15    XL:     8   Next: 75%
Magic:  0/8        EV: 19    Int: 19    God:    Xom [..*...]
Gold:   304        SH:  0    Dex: 17    Spells: 7/7 levels left

rFire    . . .     SeeInvis .   a - +5 falchion (chaos)
rCold    . . .     Gourm    .   (no shield)
rNeg     + . .     Faith    .   b - +3 leather armour
rPois    .         Spirit   +   o - +2 helmet
rElec    .         Reflect  .   (no cloak)
rCorr    .         Harm     .   e - +2 pair of gloves
MR       .....                  (no boots)
Stlth    +++.......             (no amulet)
HPRegen  0.20/turn              f - +5 ring of intelligence
MPRegen  0.22/turn              m - ring of positive energy

@: agile
A: slimy green scales 2, demonic guardian 1, magic shield, magic regeneration
a: Renounce Religion


You were on level 8 of the Dungeon.
You worshipped Xom.
You were a toy of Xom.
You were hungry.

You visited 1 branch of the dungeon, and saw 8 of its levels.

You collected 304 gold pieces.

Inventory:

Hand Weapons
 a - a +5 falchion of chaos (weapon)
 r - a +0 long sword
Armour
 b - a +3 leather armour (worn)
 e - a +2 pair of gloves (worn)
 o - a +2 helmet (worn)
 s - a +1 chain mail
 w - a +0 plate armour
Jewellery
 f - a +5 ring of intelligence (left hand)
 m - a ring of positive energy (right hand)
Wands
 j - a wand of scattershot (1)
 t - a wand of random effects (27)
 u - a wand of clouds (5)
Scrolls
 h - 13 scrolls of identify
 i - 7 scrolls of remove curse
 k - a scroll of blinking
 l - 2 scrolls of teleportation
 p - 2 scrolls of fog
Potions
 d - a potion of brilliance
 g - a potion of curing
 n - a potion of cancellation
Books
 q - a book of Misfortune

   Spells                             Type                      Level
   a - Confusing Touch                Hexes                        1
   b - Confuse                        Hexes                        3
   c - Gell's Gravitas                Translocation                3
   d - Petrify                        Transmutation/Earth          4
   e - Metabolic Englaciation         Hexes/Ice                    5
   f - Yara's Violent Unravelling     Hexes/Transmutation          5
Comestibles
 c - 10 rations


   Skills:
 * Level 6.7 Fighting
 * Level 6.8 Long Blades
 + Level 4.4 Armour
 + Level 4.1 Dodging
 - Level 1.0 Stealth


You had 7 spell levels left.
You didn't know any spells.

Dungeon Overview and Level Annotations

Branches:
Dungeon (8/15)             Temple (0/1) D:7
   Lair: D:8-11

Altars:
Gozag
Hepliaklqana
Qazlal
Uskayaw

Annotations:
D:8 Lucherd's ghost, novice HOFi


Innate Abilities, Weirdness & Mutations

You are mostly covered in slimy green scales. (AC +3)
A weak demonic guardian rushes to your aid.
When hurt, damage is shared between your health and your magic reserves.
You regenerate magic rapidly.


Message History

Lucherd's ghost hits you but does no damage.
You completely miss Lucherd's ghost.
Lucherd's ghost is moderately damaged.
Lucherd's ghost hits you but does no damage.
You slash Lucherd's ghost!
Lucherd's ghost flickers and vanishes!
Deactivating autopickup; reactivate with Ctrl-A.
Something hits you.
You closely miss something. Something hits you but does no damage.
You closely miss something. Something hits you.
You hit something but do no damage.
Nothing appears to happen.
Something hits you!!
You closely miss something. Something hits you.
You miss something. Something hits you. Something hits you but does no damage.
You hit something. Something hits you!
* * * LOW HITPOINT WARNING * * *
You feel better. Something hits you!
* * * LOW HITPOINT WARNING * * *
Something hits you!
You die...
Xom howls with laughter!

# .. . ... #. ###
...####### .##.###
.........#
.....#..........#
..#.#..........#
####'#.#...........
###......#...(.......
#..{@................
#.#..................
#................#.
######..########.#.
#.#...........
#.#.#######.##
#.#.#######.##
#...........##
###.##########


There were no monsters in sight!

Vanquished Creatures
  A two-headed ogre (D:8)
  Eustachio (D:5)
  An orc warrior (D:7)
  A phantom (D:5)
  A centaur (D:5)
  A bullfrog (shapeshifter) (D:3)
  A bullfrog (D:6)
  A scorpion (D:5)
  A howler monkey (D:5)
  A crimson imp (D:6)
  4 hounds
  An orc wizard (D:4)
  11 adders
  3 gnolls (D:7)
  5 shadow imps
  An ooze (D:4)
  An adder skeleton (D:7)
  2 worms
  5 leopard geckos
  12 orcs
  A ball python (D:3)
  4 bats
  4 giant cockroaches
  7 goblins
  A hobgoblin (D:1)
  7 jackals
  8 kobolds
  2 quokkas
  2 frilled lizards
  6 rats
97 creatures vanquished.

Vanquished Creatures (collateral kills)
  An ice beast (D:8)
  A sky beast (D:5)
  A crimson imp (D:4)
  A shadow imp (D:8)
  An orc (D:7)
5 creatures vanquished.

Grand Total: 102 creatures vanquished

Notes
Turn   | Place    | Note
-------+----------+-------------------------------------------
     0 | D:1      | JeffiDaFish the Demonspawn Chaos Knight began the quest for the Orb.
     0 | D:1      | Reached XP level 1. HP: 18/18 MP: 1/1
   203 | D:1      | Gained mutation: You are partially covered in slimy green scales. (AC +2) [demonic ancestry]
   203 | D:1      | Reached XP level 2. HP: 19/24 MP: 2/2
   311 | D:1      | XOM: harmless Tmut miscast
   632 | D:1      | XOM: harmless Necr miscast
   647 | D:1      | XOM: mild Erth miscast
   737 | D:1      | XOM: silly message
   864 | D:2      | Reached skill level 1 in Dodging
   864 | D:2      | Reached XP level 3. HP: 27/29 MP: 3/3
  1069 | D:2      | XOM: god gift: wand of scattershot (5)
  1393 | D:3      | Reached XP level 4. HP: 33/35 MP: 4/4
  1605 | D:3      | Noticed a bullfrog
  1605 | D:3      | a worker ant changed into a bullfrog
  1610 | D:3      | Killed a bullfrog
  1610 | D:3      | Gained mutation: A weak demonic guardian rushes to your aid. [demonic ancestry]
  1610 | D:3      | Reached XP level 5. HP: 37/41 MP: 5/5
  1722 | D:3      | Reached skill level 1 in Stealth
  2261 | D:4      | Gained mutation: When hurt, damage is shared between your health and your magic reserves. [demonic ancestry]
  2261 | D:4      | Reached XP level 6. HP: 46/48 MP: 6/6
  2359 | D:4      | XOM: harmless Conj miscast
  2494 | D:5      | Entered Level 5 of the Dungeon
  2518 | D:5      | Got a fabulously ornate robe
  2518 | D:5      | XOM: divination: magic mapping
  2537 | D:5      | Identified the cursed +0 robe "Kooff" {-Tele rElec rN++ rCorr} (You found it on level 5 of the Dungeon)
  2670 | D:5      | Found a stormy altar of Qazlal.
  2672 | D:5      | Found a hide-covered altar of Uskayaw.
  2736 | D:5      | Found an opulent altar of Gozag.
  2880 | D:5      | XOM: harmless Necr miscast
  2897 | D:5      | XOM: medium Chrm miscast
  2948 | D:5      | Noticed a sky beast
  2966 | D:5      | Noticed Eustachio
  2971 | D:5      | Killed Eustachio
  2971 | D:5      | Reached skill level 5 in Long Blades
  2971 | D:5      | Gained mutation: You regenerate magic rapidly. [demonic ancestry]
  2971 | D:5      | Reached XP level 7. HP: 47/55 MP: 7/7
  3062 | D:5      | Reached skill level 5 in Fighting
  3159 | D:5      | XOM: noise
  3199 | D:5      | Found Culoovos's Gadget Shop.
  3307 | D:5      | XOM: mild Ice miscast
  3671 | D:6      | XOM: harmless Conj miscast
  3691 | D:6      | Identified the cursed +0 leather armour of Kaetutt {+Fly rC+ rN+} (You found it on level 6 of the Dungeon)
  3963 | D:6      | Found a hazy altar of Hepliaklqana.
  4152 | D:6      | XOM: summons 2 hostile shadow creatures
  4449 | D:7      | Gained mutation: You are mostly covered in slimy green scales. (AC +3) [demonic ancestry]
  4449 | D:7      | Reached XP level 8. HP: 39/63 MP: 6/8
  4585 | D:7      | Found a staircase to the Ecumenical Temple.
  5134 | D:7      | XOM: harmless Pois miscast
  5156 | D:7      | Found a stormy altar of Qazlal.
  5158 | D:7      | XOM: summons 4 hostile demons
  5305 | D:8      | Noticed a two-headed ogre
  5315 | D:8      | Killed a two-headed ogre
  5372 | D:8      | Noticed Lucherd's ghost (novice HOFi)
  5377 | D:8      | XOM: potion effect (agility)
  5393 | D:8      | Mangled by Lucherd's ghost

Skill      XL: |  1  2  3  4  5  6  7  8 |
---------------+-------------------------+-----
Armour         | 2 3 4 |  4.4
Long Blades    | 3 4 5 6 |  6.8
Dodging        | 1 2 3 4 |  4.1
Stealth        | 1 |  1.0
Fighting       | 4 5 6 |  6.7

Action                   |  1- 3 |  4- 6 |  7- 9 || total
-------------------------+-------+-------+-------++-------
Melee: Falchion          |    83 |   128 |   139 ||   350
Evoke: Wand              |       |     3 |     1 ||     4
  Use: Scroll            |     7 |     9 |     5 ||    21
       Potion            |     5 |     3 |     3 ||    11
 Stab: Sleeping          |     2 |     3 |       ||     5
       Distracted        |       |     1 |     1 ||     2
       Paralysed         |       |       |     1 ||     1
  Eat: Chunk             |     2 |     5 |     7 ||    14
Armor: Leather armour    |    34 |    69 |    73 ||   176
Dodge: Dodged            |    66 |    65 |    91 ||   222
       Rpst.: Falchion   |    21 |    26 |    24 ||    71
